 Seeded DCSS version 0.30-a0-568-g124715a40b (webtiles) character file.

Game seed: 20221229 (custom seed)

72 flotson the Sneak (level 4, 0/35 HPs)
             Began as a Demonspawn Delver on Dec 29, 2022.
             Slain by Terence
             ... wielding a +3 hand axe
              (8 damage)
             ... on level 2 of the Dungeon.
             The game lasted 00:05:50 (1982 turns).

flotson the Sneak (Demonspawn Delver)               Turns: 1982, Time: 00:05:51

Health: 0/35       AC:  7    Str: 14    XL:     4   Next: 7%
Magic:  4/4        EV: 11    Int: 12    God:
Gold:   122        SH:  0    Dex: 14    Spells: 3/3 levels left

rFire   . . .      SeeInvis .    a - +0 hand axe
rCold   + . .      Faith    .    (no shield)
rNeg    . . .      Spirit   .    l - +2 ring mail {rC+}
rPois   .          Reflect  .    (no helmet)
rElec   .          Harm     .    (no cloak)
rCorr   .          Rampage  .    (no gloves)
Will    .....                    (no boots)
Stlth   ++                       (no amulet)
HPRegen 0.25/turn                (no ring)
MPRegen 0.09/turn                (no ring)

@: hasted, very quick
A: powered by pain 1, weakness stinger 1
a: no special abilities


You were on level 2 of the Dungeon.
You visited 1 branch of the dungeon, and saw 5 of its levels.

You collected 122 gold pieces.

Inventory:

Hand Weapons
 a - a +0 hand axe (weapon)
 b - a +0 sling
Armour
 l - a +2 ring mail of cold resistance (worn)
Wands
 g - a wand of digging (3)
Scrolls
 c - 2 scrolls of fog
 d - a scroll of magic mapping
 e - 6 scrolls of teleportation {unknown}
 i - 8 scrolls of identify {unknown}
 k - a scroll of blinking {unknown}
 m - a scroll of enchant armour {unknown}
 s - a scroll of fear
 t - a scroll of enchant weapon {unknown}
Potions
 h - 2 potions of degeneration {unknown}
 j - a potion of brilliance {unknown}
 n - a potion of invisibility {unknown}
 o - 3 potions of heal wounds {unknown}
 p - a potion of attraction {unknown}
 q - a potion of cancellation {unknown}
 r - a potion of curing {unknown}


   Skills:
 + Level 3.4 Fighting
 + Level 2.1 Axes
 + Level 1.2 Armour
 + Level 2.2 Dodging
 + Level 4.8 Stealth
 + Level 1.2 Evocations


You had 3 spell levels left.
You didn't know any spells.
Your spell library was empty.

Dungeon Overview and Level Annotations

Branches:
Dungeon (5/15)
 Temple: D:4-7

Altars:

Annotations:
D:2 Terence


Innate Abilities, Weirdness & Mutations

You sometimes gain a little power by taking damage.
You have a small tail.


Message History

Terence is heavily wounded.
Fire: b) +0 sling
Press: ? - help, Q - select action Shift-Dir - straight line, f/p - Terence
Aim: Terence, wielding a +3 hand axe and wearing a +0 scale mail (heavily wounded, 60% to hit)
You shoot a sling bullet.
The sling bullet hits Terence but does no damage.
Terence is heavily wounded.
Fire: b) +0 sling
Press: ? - help, Q - select action Shift-Dir - straight line, f/p - Terence
Aim: Terence, wielding a +3 hand axe and wearing a +0 scale mail (heavily wounded, 60% to hit)
You shoot a sling bullet. The sling bullet hits Terence.
Terence is severely wounded.
Fire: b) +0 sling
Press: ? - help, Q - select action Shift-Dir - straight line, f/p - Terence
Aim: Terence, wielding a +3 hand axe and wearing a +0 scale mail (severely wounded, 60% to hit)
You shoot a sling bullet. The sling bullet hits Terence.
Terence is almost dead.
Fire: b) +0 sling
Press: ? - help, Q - select action Shift-Dir - straight line, f/p - Terence
Aim: Terence, wielding a +3 hand axe and wearing a +0 scale mail (almost dead, 60% to hit)
You shoot a sling bullet. The sling bullet hits Terence.
Terence is almost dead.
Fire: b) +0 sling
Press: ? - help, Q - select action Shift-Dir - straight line, f/p - Terence
Aim: Terence, wielding a +3 hand axe and wearing a +0 scale mail (almost dead, 60% to hit)
You shoot a sling bullet.
The sling bullet hits Terence but does no damage.
Terence is almost dead.
a - a +0 hand axe (weapon)
You closely miss Terence.
Terence is almost dead.
Terence hits you with a +3 hand axe.
* * * LOW HITPOINT WARNING * * *
You hit Terence but do no damage.
Terence is almost dead.
Terence barely misses you.
You barely miss Terence.
Terence is almost dead.
Terence hits you with a +3 hand axe!
You die...

### ## #.#
#. #.# #.
#.# #.
#########.#
#.
#@@.......#
#@
#########.#
#. #.# #.
#.#######.
#......@..
##########


You could see Terence.

Vanquished Creatures
  2 adders
  4 dart slugs
  An orc (D:4)
  4 endoplasms (D:1)
  2 giant cockroaches (D:1)
  A goblin (D:1)
  4 hobgoblins
  5 jackals (D:1)
  A quokka (D:1)
  2 ball pythons
  2 bats (D:1)
  5 frilled lizards
  8 kobolds (D:1)
  3 rats
44 creatures vanquished.

Notes
Turn   | Place    | Note
-------+----------+-------------------------------------------
     0 | D:5      | flotson the Demonspawn Delver began the quest for the Orb.
     0 | D:5      | Reached XP level 1. HP: 18/18 MP: 1/1
    75 | D:4      | Noticed a scorpion
   196 | D:5      | Noticed a wight
   197 | D:5      | Noticed a wight
   204 | D:5      | Noticed a wight
   242 | D:5      | Gained mutation: You sometimes gain a little power by
                  | taking damage. [demonic ancestry]
   242 | D:5      | Reached XP level 2. HP: 16/24 MP: 2/2
   847 | D:1      | Gained mutation: You have a small tail. [demonic ancestry]
   847 | D:1      | Reached XP level 3. HP: 19/29 MP: 3/3
  1069 | D:1      | Reached skill level 1 in Armour
  1137 | D:1      | Found a faded altar of an unknown god.
  1326 | D:1      | Reached skill level 1 in Evocations
  1626 | D:1      | Reached XP level 4. HP: 34/35 MP: 4/4
  1928 | D:2      | Noticed Terence
  1982 | D:2      | Slain by Terence

Illustrated notes

Levels and vault maps discovered:
D:1:      saegor_arrival_simple_c, layout_loops_corners,
          dreamdust_ecumenical_altar_angels_and_demons, minmay_nonomino_d4
D:2:      layout_basic, uniq_terence, uniq_natasha
D:3:      layout_basic, elyvilon_altar_5, minmay_misc_feat_more_columns,
          patterned_corridor
D:4:      layout_rooms
D:5:      layout_loops_ring, gammafunk_temple_overflow_wave, temple_pool_b,
          gup_sewer_entry_bowl

Skill      XL: |  1  2  3 |
---------------+----------+-----
Axes           | 2 |  2.1
Dodging        | 2 |  2.2
Armour         | 1 |  1.2
Evocations     | 1 |  1.2
Fighting       | |  3.4
Stealth        | |  4.8

Action                   |  1- 3 |  4- 6 || total
-------------------------+-------+-------++-------
Melee: Hand axe          |    24 |     3 ||    27
       Flail             |    11 |       ||    11
 Fire: Sling             |   139 |    25 ||   164
  Use: Potion            |     1 |     1 ||     2
       Scroll            |     1 |       ||     1
 Stab: Sleeping          |     2 |       ||     2
Armor: Leather armour    |     5 |       ||     5
       Ring mail         |    89 |     5 ||    94
Dodge: Dodged            |   118 |     8 ||   126

Table legend: (Time is in decaauts)
 A = Elapsed time spent in this place.
 B = Non-inter-level travel time spent in this place.
 C = Inter-level travel time spent in this place.
 D = Time resting spent in this place.
 E = Time spent auto-exploring this place.
 F = Levels seen in this place.
 G = Mean time per level.
                   A        B        C        D        E       F      G
               +--------+--------+--------+--------+--------+-----+--------+
         Total |   2041 |   1916 |    125 |      0 |   1308 |   5 |  408.2 |
       Dungeon |   2041 |   1916 |    125 |      0 |   1308 |   5 |  408.2 |
               +--------+--------+--------+--------+--------+-----+--------+

Top non-repeatable levels by time:
     D:1: 1123 daAuts
     D:2: 323 daAuts
     D:5: 283 daAuts
     D:3: 176 daAuts
     D:4: 136 daAuts
